Map: [TLMC15] Glittering Ashes

Players

MaxPax - Winner!

  • Race: Protoss Protoss

Dark

  • Race: Zerg Zerg

Event: DreamHack SC2 Masters Last Chance 2022

VOD

Have the link to the VOD?

Description

Time

  • Played on: Jan. 13, 2022, 11:52 a.m.
  • Length: 12:02

All games in this series

Show
View Real Time Build Order
Export as new Build Order

MaxPax Protoss - Winner!

Build Orders: 1 Gate Expand, Oracle Opening 

Get SALT Encoding   

  12  0:00  Probe  
  13  0:12  Probe  
  14  0:20  Pylon  
  14  0:24  Probe  
  15  0:38  Probe (Chrono Boost)  
  15  0:42  Gateway  
  16  0:49  Assimilator  
  17  0:50  Probe (Chrono Boost)  
  17  0:55  Probe (Chrono Boost)  
  18  1:04  Probe  
  19  1:16  Probe  
  20  1:28  Nexus  
  20  1:37  Cybernetics Core  
  20  1:40  Probe  
  21  1:47  Assimilator  
  21  1:52  Probe  
  22  1:55  Pylon  
  22  2:04  Probe (Chrono Boost)  
  23  2:13  Adept  
  26  2:16  Probe (Chrono Boost)  
  26  2:17  Stargate  
  26  2:22  Probe (Chrono Boost)  
  26  2:27  Warp Gate  
  27  2:31  Probe (Chrono Boost)  
  28  2:40  Probe (Chrono Boost)  
  28  2:43  Adept  
  32  2:49  Probe (Chrono Boost)  
  32  2:50  Probe (Chrono Boost)  
  33  2:52  Void Ray (Chrono Boost)  
  33  2:55  Probe x2 (Chrono Boost)  
  39  3:06  Probe  
  39  3:07  Probe  
  39  3:09  Pylon  
  41  3:18  Probe  
  41  3:19  Probe  
  43  3:22  Gateway  
  43  3:25  Oracle (Chrono Boost)  
  43  3:31  Probe x2  
  48  3:43  Probe x2  
  48  3:47  Nexus  
  50  3:54  Pylon  
  50  3:55  Probe  
  51  3:56  Probe  
  52  4:03  Assimilator  
  52  4:07  Assimilator, Probe  
  52  4:08  Probe  
  54  4:15  Stargate  
  54  4:19  Probe  
  54  4:20  Probe  
  56  4:25  Protoss Air Weapons Level 1  
  56  4:28  Forge  
  56  4:29  Void Ray (Chrono Boost)  
  56  4:31  Probe  
  56  4:32  Probe  
  56  4:34  Pylon  
  62  4:48  Shield Battery  
  62  4:52  Probe x2 (Chrono Boost)  
  64  5:02  Probe (Chrono Boost)  
  64  5:03  Void Ray  
  64  5:04  Probe x2 (Chrono Boost)  
  67  5:08  Robotics Facility, Void Ray  
  67  5:11  Probe (Chrono Boost)  
  67  5:12  Probe x2 (Chrono Boost)  
  78  5:16  Probe (Chrono Boost)  
  78  5:18  Probe x2  
  79  5:28  Probe  
  80  5:30  Probe x2  
  80  5:31  Assimilator x2, Pylon  
  82  5:37  Photon Cannon  
  82  5:40  Adept, Probe  
  82  5:42  Pylon  
  85  5:49  Photon Cannon  
  87  5:50  Shield Battery  
  87  5:52  Photon Cannon  
  87  5:54  Photon Cannon, Void Ray (Chrono Boost)  
  86  5:57  Shield Battery  
  86  5:58  Void Ray (Chrono Boost)  
  86  5:59  Pylon  
  86  6:00  Pylon  
  89  6:07  Photon Cannon  
  89  6:11  Stalker  
  95  6:20  Stalker  
  95  6:24  Photon Cannon  
  95  6:28  Void Ray (Chrono Boost)  
  95  6:30  Shield Battery  
  95  6:31  Photon Cannon  
  94  6:33  Probe, Pylon  
  94  6:36  Stalker, Void Ray (Chrono Boost)  
  102  6:50  Pylon  
  102  6:54  Pylon  
  102  6:58  Void Ray (Chrono Boost)  
  102  7:00  Sentry  
  104  7:02  Photon Cannon, Robotics Bay  
  104  7:07  Sentry  
  104  7:08  Void Ray (Chrono Boost)  
  106  7:13  Shield Battery  
  104  7:23  Immortal (Chrono Boost)  
  104  7:29  Photon Cannon  
  108  7:31  Photon Cannon  
  108  7:32  Void Ray (Chrono Boost)  
  108  7:34  Gateway  
  112  7:40  Void Ray  
  112  7:43  Pylon  
  106  7:46  Stalker x2  
  108  7:51  Photon Cannon  
  104  7:59  Disruptor (Chrono Boost)  
  104  8:03  Shield Battery  
  107  8:12  Stalker x2  
  111  8:17  Shield Battery  
  111  8:19  Shield Battery  
  111  8:21  Photon Cannon  
  111  8:22  Probe x2  
  111  8:23  Probe  
  110  8:34  Void Ray, Probe x2  
  110  8:35  Probe  
  110  8:38  Stalker  
  110  8:39  Stalker  
  121  8:45  Disruptor (Chrono Boost)  
  121  8:46  Probe x2  
  122  8:53  Twilight Council  
  121  9:03  Stalker  
  121  9:05  Stalker  
  121  9:07  Probe x2  
  121  9:08  Probe  
  122  9:21  Observer (Chrono Boost)  
  124  9:24  Probe  
  124  9:26  Gateway  
  124  9:29  Gateway  
  124  9:32  Gateway  
  124  9:35  Gateway  
  124  9:39  Pylon  
  124  9:40  Templar Archives  
  124  9:42  Warp Prism (Chrono Boost), Charge  
  124  9:45  Stalker x2  
  130  10:05  Gateway  
  130  10:07  Gateway, Pylon  
  130  10:17  Pylon  
  122  10:28  Gateway x2  
  122  10:29  High Templar  
  122  10:30  Pylon, High Templar x3  
  122  10:31  High Templar x2  
  122  10:34  Archon x2  
  122  10:35  Archon  
  134  10:36  Nexus  
  134  10:37  Photon Cannon  
  134  10:40  Pylon  
  134  10:42  Gateway  
  134  10:56  Gateway  
  134  11:04  High Templar x3  
  134  11:05  High Templar  
  134  11:06  Zealot x3  
  134  11:07  Zealot  
  134  11:08  Archon  
  134  11:09  Archon  
  150  11:16  Probe  
  150  11:17  Probe x2  
  153  11:29  Probe  
Show
View Real Time Build Order
Export as new Build Order

Dark Zerg 

Build Orders: Hatch First 

Get SALT Encoding   

  12  0:00  Drone  
  13  0:12  Overlord  
  13  0:16  Drone  
  14  0:30  Drone  
  14  0:32  Drone  
  16  0:36  Drone  
  17  0:53  Hatchery  
  17  0:56  Drone  
  17  0:59  Drone  
  18  1:11  Extractor  
  17  1:13  Spawning Pool  
  17  1:16  Drone  
  17  1:20  Drone  
  18  1:28  Drone  
  19  1:40  Drone  
  20  1:52  Drone  
  21  2:03  Zergling x2  
  21  2:04  Queen  
  21  2:05  Queen  
  21  2:06  Zergling x2  
  27  2:11  Overlord  
  27  2:13  Metabolic Boost  
  27  2:18  Drone  
  28  2:30  Drone  
  28  2:31  Drone  
  28  2:34  Drone  
  31  2:40  Hatchery  
  30  2:44  Queen  
  30  2:50  Drone x2  
  34  2:57  Overlord  
  34  2:58  Drone  
  34  3:01  Drone  
  36  3:18  Drone  
  36  3:19  Drone x5  
  41  3:21  Queen  
  43  3:30  Overlord  
  43  3:31  Overlord  
  43  3:43  Overlord  
  43  3:49  Drone x5  
  43  3:50  Lair  
  43  3:53  Spore Crawler  
  43  3:54  Spore Crawler  
  46  3:56  Drone x2  
  46  4:00  Queen  
  50  4:05  Zergling x4  
  50  4:06  Extractor  
  50  4:07  Drone  
  50  4:09  Drone  
  54  4:10  Drone  
  54  4:12  Drone  
  54  4:16  Drone x3  
  58  4:20  Drone x2  
  58  4:22  Drone  
  60  4:27  Drone x2  
  60  4:30  Drone x2  
  60  4:31  Drone  
  65  4:41  Spore Crawler  
  64  4:50  Queen, Nydus Network  
  64  4:51  Overlord  
  65  4:55  Overseer  
  65  5:04  Overlord x2  
  65  5:09  Queen x2  
  65  5:11  Zergling x8  
  65  5:13  Overlord  
  73  5:24  Zergling x20  
  73  5:26  Queen  
  85  5:29  Overseer  
  84  5:37  Nydus Canal  
  84  5:38  Zergling x6  
  86  5:45  Queen x2  
  86  5:48  Baneling Nest  
  89  5:52  Nydus Canal  
  89  5:54  Zergling x14  
  95  5:58  Zergling x2  
  95  6:01  Queen  
  95  6:02  Overlord x2  
  97  6:06  Overlord  
  97  6:10  Overlord  
  97  6:13  Nydus Canal  
  96  6:20  Queen x2  
  96  6:23  Zergling x2  
  96  6:24  Zergling x18  
  109  6:27  Nydus Canal  
  109  6:39  Baneling x8  
  106  6:45  Zergling x24  
  115  6:56  Queen x3  
  115  7:00  Zergling x4  
  111  7:08  Drone x4  
  111  7:13  Drone x3  
  111  7:15  Baneling x8  
  117  7:16  Spore Crawler  
  116  7:23  Baneling x2  
  116  7:25  Zergling x8  
  116  7:29  Zergling x2  
  121  7:30  Zergling x4  
  121  7:37  Queen  
  121  7:39  Queen  
  121  7:43  Zergling x2  
  121  7:44  Zergling x16  
  122  7:47  Nydus Canal  
  122  7:51  Baneling x3  
  117  7:52  Zergling x4  
  117  7:55  Zergling x4  
  114  7:59  Zergling x6  
  113  8:09  Zergling x6  
  115  8:17  Queen x3  
  115  8:19  Zergling x6  
  119  8:20  Baneling  
  119  8:21  Baneling x2  
  112  8:39  Drone x2  
  112  8:40  Drone x3  
  110  8:41  Baneling x6  
  110  8:42  Baneling  
  110  8:48  Zergling x6  
  113  8:50  Zergling x2  
  113  8:53  Queen x2  
  113  8:54  Spore Crawler  
  111  9:06  Zergling x22  
  106  9:14  Extractor x2  
  104  9:17  Spire  
  104  9:18  Drone x2  
  104  9:19  Drone  
  104  9:21  Extractor x2  
  104  9:29  Hatchery  
  104  9:30  Drone x5  
  108  9:41  Drone  
  108  9:42  Drone  
  110  9:47  Queen, Overlord  
  110  9:49  Overlord  
  110  9:51  Zergling x8  
  110  9:52  Queen x2  
  114  9:55  Zergling x6  
  114  9:57  Overlord  
  121  10:06  Zergling x14  
  128  10:13  Zergling x4  
  128  10:34  Drone x4  
  132  10:41  Zergling x18  
  132  10:42  Queen x2  
  145  10:44  Baneling x3  
  145  10:45  Baneling x9  
  145  10:47  Baneling x5  
  144  10:52  Baneling x3  
  144  10:53  Baneling x9  
  136  11:16  Overlord x2  

Tags
 
Add a new tag
Caveats
  • Supply blocks, unpowered buildings, or Contaminate may cause inaccurate times.
  • Supply counts are checked every 10 seconds.